 Dungeon Crawl Stone Soup version 0.17-a0-2030-g9ce824c (webtiles) character file.

13925 Leibowitz the Cleaver (level 12, -19/108 HPs)
             Began as a Hill Orc Fighter on Oct 11, 2015.
             Was a High Priest of Okawaru.
             Killed from afar by a raiju (21 damage)
             ... with a living lightning
             ... on level 1 of the Abyss.
             The game lasted 00:41:59 (9834 turns).

Leibowitz the Cleaver (Hill Orc Fighter)            Turns: 9834, Time: 00:42:00

Health: -19/108    AC: 30    Str: 29    XL:     12   Next: 11%
Magic:  12/12      EV:  8    Int:  8    God:    Okawaru [*****.]
Gold:   798        SH: 13    Dex: 10    Spells: 0 memorised, 11 levels left

rFire  . . .     SeeInvis .     a - +1 war axe (elec)
rCold  . . .     Clarity  .     t - +9 plate armour "Zyvieq" {rN+ Str+5}
rNeg   + . .     SustAt   .     c - +1 shield
rPois  +         Gourm    .     j - +0 helmet
rElec  .         Spirit   .     h - +2 cloak {MR+}
rCorr  .         Warding  .     (no gloves)
rMut   .         Stasis   .     F - +0 pair of boots
MR     +....                    u - amulet of regeneration
Stlth  ..........               O - ring of poison resistance
                                L - +2 ring of slaying

@: about to teleport, somewhat resistant to hostile enchantments, extremely
unstealthy
A: no striking features
a: Heroism, Finesse, Renounce Religion


You were on level 1 of the Abyss.
You worshipped Okawaru.
Okawaru was extremely pleased with you.
You were not hungry.

You visited 3 branches of the dungeon, and saw 11 of its levels.
You visited the Abyss 1 time.
You also visited: Labyrinth and Ossuary.

You collected 798 gold pieces.

Inventory:

Hand Weapons
 a - a +1 war axe of electrocution (weapon)
 b - a +0 blowgun
 M - a +2 halberd of flaming
Missiles
 w - 3 curare-tipped needles
 H - 36 poisoned needles
Armour
 c - a +1 shield (worn)
 h - a +2 cloak of magic resistance (worn)
 j - a +0 helmet (worn)
 t - the +9 plate armour "Zyvieq" (worn) {rN+ Str+5}
   (You took it off a minotaur in a labyrinth)

   It affects your strength (+5).
   It protects you from negative energy.
 F - a +0 pair of boots (worn)
Jewellery
 e - an uncursed amulet of the gourmand
 q - an uncursed ring of see invisible
 u - an amulet of regeneration (around neck)
 L - a +2 ring of slaying (left hand)
 N - an uncursed ring of positive energy
 O - a ring of poison resistance (right hand)
 Q - the ring "Dyjattas" {Ice MR- Str+7 Int+7}
   (You found it in a labyrinth)

   [ring of ice]

   It enhances your ice magic, and weakens your fire magic.
   It affects your strength (+7).
   It affects your intelligence (+7).
   It makes you vulnerable to fire.
   It protects you from cold.
   It affects your resistance to hostile enchantments.
Wands
 m - a wand of magic darts (29)
 o - a wand of frost (13)
 s - a wand of paralysis (8)
 y - a wand of digging (22)
 A - a wand of confusion (8)
 J - a wand of paralysis (12)
 K - a wand of flame (30)
Scrolls
 f - 8 scrolls of remove curse
 k - 3 scrolls of enchant armour
 p - 7 scrolls of identify
 r - 5 scrolls of fear
 x - 2 scrolls of teleportation
 E - 2 scrolls of enchant weapon
 G - 3 scrolls of recharging
Potions
 d - 5 potions of might
 g - a potion of resistance
 i - 3 potions of flight
 z - a potion of haste
 C - 2 potions of brilliance
 D - a potion of heal wounds
Comestibles
 l - 7 slices of pizza
 n - 3 meat rations
 v - 6 bread rations
 I - 4 beef jerkies


   Skills:
 + Level 10.8 Fighting
 + Level 12.4 Axes
 + Level 0.2(6.7) Polearms
 + Level 2.8 Throwing
 + Level 10.7 Armour
 + Level 4.0 Dodging
 + Level 1.1 Stealth
 + Level 10.2 Shields
 + Level 0.6 Invocations
 + Level 0.2 Evocations


You had 11 spell levels left.
You didn't know any spells.

Dungeon Overview and Level Annotations

Branches:
Dungeon (9/15)             Temple (1/1) D:5            Lair (1/8) D:9
    Orc (0/4) D:9

Altars:
Ashenzari
Cheibriados
Dithmenos
Elyvilon
Fedhas
Gozag
Makhleb
Nemelex Xobeh
Okawaru
Qazlal
Ru
Sif Muna
Trog
Vehumet
Xom
Yredelemnul
Zin
The Shining One

Shops:
D:9 :

Annotations:
Lair:1 Sonja


Message History

The living lightning hits you! The living lightning misses you.
The raiju blinks!
You hit the raiju.
The raiju is lightly wounded.
You barely miss the chaos spawn. You block the chaos spawn's attack.
A rakshasa comes into view. It is wielding a broad axe.
The raiju bursts into living lightning!
The living lightning hits you!
* * * LOW HITPOINT WARNING * * *
The living lightning hits you!
* * * LOW HITPOINT WARNING * * *
The raiju blinks!
The chaos spawn closely misses you.
Drink which item? (? for menu, Esc to quit)
You feel much better.
Tentacles burst from the starspawn's body!
The raiju bursts into living lightning!
The living lightning hits you!
* * * LOW HITPOINT WARNING * * *
The living lightning hits you!
You die...

.## ... .R
#. #.###
#...
#.3###.#
#.@h§..#
...###.#####
#...wX..###
# ####w##.
.## ..# #
#.##.X#w##
.. ...h. .
##*####.#
#..###..#
#*....# ##h
##.#.## .. #
......#....X
. #


You could see a tentacled starspawn, a rakshasa, 3 raiju, a chaos spawn and 2
starspawn tentacles.

Vanquished Creatures
  A minotaur (Lab)
  A hydra (Lair:1)
  A great orb of eyes (Abyss:1)
  Pikel (D:6)
  An ugly thing (D:9)
  A gargoyle (D:9)
  An orange demon (Abyss:1)
  A black mamba (Lair:1)
  A troll (D:9)
  Prince Ribbit (D:9)
  4 raiju (Abyss:1)
  A wyvern (D:9)
  A tarantella (shapeshifter) (Abyss:1)
  A hog (D:9)
  A yak (D:9)
  5 centaurs
  Eustachio (D:6)
  A ynoxinul (Abyss:1)
  5 hungry ghosts
  Grum (D:8)
  A human (D:9)
  A hippogriff (D:8)
  2 wolves (D:8)
  2 water moccasins (Lair:1)
  3 small abominations (Abyss:1)
  A sky beast (D:5)
  3 ice beasts
  5 orc warriors
  2 phantoms
  A slave (D:6)
  2 ogres
  7 giant frogs
  A big kobold (D:8)
  A gnoll sergeant (D:8)
  2 crocodiles
  Blork the orc (D:6)
  5 scorpions
  4 crimson imps
  A quasit (Abyss:1)
  A centaur zombie (Ossuary)
  6 hounds
  2 starcursed masses (Abyss:1)
  2 jellies
  A wasp zombie (D:8)
  4 orc wizards
  2 orc priests
  2 iguanas
  3 giant frog skeletons
  Terence (D:3)
  8 worker ants
  2 sheep (D:9)
  A killer bee zombie (D:9)
  2 big kobold zombies (Ossuary)
  2 hound skeletons
  A hound zombie (D:6)
  2 mummies (Ossuary)
  15 gnolls
  13 adders
  2 oozes (D:1)
  An adder zombie (D:9)
  9 worms
  6 giant geckos
  27 orcs
  A ball python (D:3)
  10 bats
  7 giant cockroaches
  A gnoll zombie (Ossuary)
  7 goblins
  8 hobgoblins
  14 jackals
  3 quokkas
  8 giant newts
  2 goblin zombies (Ossuary)
  5 hobgoblin zombies (Ossuary)
  2 jackal skeletons
  20 kobolds
  3 orc zombies (Ossuary)
  A quokka skeleton (D:4)
  7 rats
  2 fungi (D:9)
  2 plants
294 creatures vanquished.

Vanquished Creatures (others)
  2 slaves (D:6)
  A quokka (D:6)
  A lurking horror (Abyss:1)
  2 starspawn tentacles (Abyss:1)
  77 starspawn tentacle segments (Abyss:1)
83 creatures vanquished.

Grand Total: 377 creatures vanquished

Notes
Turn   | Place    | Note
--------------------------------------------------------------
     0 | D:1      | Leibowitz the Hill Orc Fighter began the quest for the Orb.
     0 | D:1      | Reached XP level 1. HP: 19/19 MP: 1/1
    81 | D:1      | Reached XP level 2. HP: 24/26 MP: 2/2
   766 | D:1      | Reached XP level 3. HP: 31/33 MP: 3/3
  1132 | D:2      | Found a white marble altar of Elyvilon.
  1165 | D:2      | Reached skill level 4 in Armour
  1165 | D:2      | Reached XP level 4. HP: 32/40 MP: 4/4
  2194 | D:2      | Found a deep blue altar of Sif Muna.
  2448 | D:3      | Reached XP level 5. HP: 33/46 MP: 5/5
  2662 | D:3      | Reached skill level 1 in Dodging
  3024 | D:3      | Noticed Terence
  3042 | D:3      | Killed Terence
  3042 | D:3      | Reached XP level 6. HP: 40/52 MP: 6/6
  3222 | D:3      | Reached skill level 5 in Shields
  3386 | D:4      | Found an opulent altar of Gozag.
  3445 | D:4      | Reached skill level 5 in Axes
  3690 | D:4      | Found an iron altar of Okawaru.
  3705 | D:4      | Became a worshipper of Warmaster Okawaru
  3737 | D:4      | Reached skill level 5 in Fighting
  3737 | D:4      | Reached XP level 7. HP: 46/61 MP: 7/7
  4169 | D:4      | Found a burning altar of Makhleb.
  4230 | D:4      | Found a sacrificial altar of Ru.
  4318 | D:5      | Entered Level 5 of the Dungeon
  4563 | D:5      | Got a slimy short sword
  4564 | D:5      | Identified the +2 short sword of the Final Chapter {drain, rElec Int+4 Dex+4} (You found it on level 5 of the Dungeon)
  4722 | D:5      | Acquired Okawaru's first power
  5027 | D:5      | Found a staircase to the Ecumenical Temple.
  5038 | Temple   | Entered the Ecumenical Temple
  5232 | D:6      | Reached skill level 6 in Axes
  5232 | D:6      | Reached skill level 5 in Armour
  5289 | D:6      | Reached skill level 1 in Throwing
  5297 | D:6      | Found a glowing golden altar of the Shining One.
  5309 | D:6      | Reached XP level 8. HP: 24/69 MP: 8/8
  5431 | D:6      | Noticed Blork the orc
  5440 | D:6      | Killed Blork the orc
  5492 | D:6      | Noticed Pikel
  5507 | D:6      | Killed Pikel
  5507 | D:6      | Reached skill level 7 in Axes
  5517 | D:6      | Reached XP level 9. HP: 73/78 MP: 9/9
  5540 | D:6      | Found a sand-covered staircase.
  5540 | D:6      | Noticed Eustachio
  5563 | Ossuary  | Entered an ossuary
  5619 | Ossuary  | Reached skill level 8 in Axes
  5822 | D:6      | Killed Eustachio
  5869 | D:6      | Found a stormy altar of Qazlal.
  5876 | D:6      | Found a blossoming altar of Fedhas.
  6002 | D:6      | Found a shattered altar of Ashenzari.
  6002 | D:6      | Found a glowing silver altar of Zin.
  6567 | D:7      | Reached skill level 9 in Axes
  6616 | D:7      | You fall through a shaft for 2 floors!
  6624 | D:8      | Found a basalt altar of Yredelemnul.
  6659 | D:9      | Found a staircase to the Lair.
  6701 | D:9      | Found a runed door.
  6966 | D:8      | Reached XP level 10. HP: 77/88 MP: 10/10
  7018 | D:8      | Reached skill level 1 in Stealth
  7068 | D:8      | Found a shimmering altar of Xom.
  7184 | D:8      | Reached skill level 10 in Axes
  7442 | D:8      | Noticed Grum
  7471 | D:8      | Killed Grum
  8033 | D:9      | Noticed a gargoyle
  8044 | D:9      | Killed a gargoyle
  8058 | D:9      | Noticed a green ugly thing
  8058 | D:9      | Acquired Okawaru's second power
  8066 | D:9      | Killed a green ugly thing
  8246 | D:9      | Found a staircase to the Orcish Mines.
  8283 | D:9      | Reached skill level 11 in Axes
  8417 | D:9      | Reached XP level 11. HP: 90/97 MP: 11/11
  8486 | D:9      | Noticed Prince Ribbit
  8507 | D:9      | Killed Prince Ribbit
  8729 | D:9      | Found Moenuvo's Book Shop.
  8891 | Lair:1   | Entered Level 1 of the Lair of Beasts
  8951 | Lair:1   | Found a radiant altar of Vehumet.
  9030 | Lair:1   | Noticed a four-headed hydra
  9032 | Lair:1   | Found a labyrinth entrance.
  9040 | Lab      | Entered a labyrinth
  9134 | Lab      | Received a gift from Okawaru
  9266 | Lab      | Noticed a minotaur
  9279 | Lab      | Killed a minotaur
  9279 | Lab      | Reached skill level 10 in Fighting
  9285 | Lab      | Got a faintly glowing plate armour
  9296 | Lab      | Identified the +9 plate armour "Zyvieq" {rN+ Str+5} (You took it off a minotaur in a labyrinth)
  9309 | Lab      | Got a clouded granite ring
  9313 | Lab      | Identified the ring "Dyjattas" {Ice MR- Str+7 Int+7} (You found it in a labyrinth)
  9398 | Lair:1   | Killed a one-headed hydra
  9455 | Lair:1   | Noticed Sonja
  9459 | Lair:1   | Cast into the Abyss (Sonja)
  9533 | Abyss:1  | Found an opulent altar of Gozag.
  9533 | Abyss:1  | Found a corrupted altar of Lugonu.
  9554 | Abyss:1  | Found a corrupted altar of Lugonu.
  9607 | Abyss:1  | Noticed a thrashing horror
  9608 | Abyss:1  | Noticed a great orb of eyes
  9620 | Abyss:1  | Killed a great orb of eyes
  9620 | Abyss:1  | Reached skill level 10 in Armour
  9681 | Abyss:1  | Noticed a starcursed mass
  9685 | Abyss:1  | Killed a starcursed mass
  9691 | Abyss:1  | Reached skill level 12 in Axes
  9697 | Abyss:1  | Killed a starcursed mass
  9697 | Abyss:1  | Reached skill level 10 in Shields
  9757 | Abyss:1  | Reached XP level 12. HP: 103/108 MP: 12/12
  9814 | Abyss:1  | Noticed a tentacled starspawn
  9833 | Abyss:1  | Noticed a rakshasa
  9833 | Abyss:1  | HP: 1/108 [raiju/living lightning (27)]
  9834 | Abyss:1  | Killed from afar by a raiju

Vault maps used:
D:1:      zaba_arrival_water
D:2:      elyvilon_altar_5, led_sif_pool, minmay_misc_feat_five
D:3:      first_bread, minmay_close_crescents, uniq_terence
D:4:      okawaru_gym_becter, grunt_temple_overflow_open,
          nicolae_ru_path_of_blood
D:5:      minmay_temple_entry_poolview
D:6:      grunt_temple_overflow_forces_of_nature,
          gammafunk_temple_overflow_wave, enter_ossuary_3, tso_metal_star,
          uniq_eustachio, uniq_pikel, uniq_blork_the_orc
D:7:      kennysheep_mini, basic_altar
D:8:      nicolae_overflow_hidden_temple, tgw_xom, uniq_grum
D:9:      minmay_ornate_pinched, dpeg_oklobed_lair, serial_shops,
          kennysheep_little_box, grunt_livestock, minmay_st_funbox,
          solitary_fountain, uniq_prince_ribbit1
Temple:   nicolae_temple_great_sept
Lair:1:   lab_entry_generic, lemuel_centaur_altar, uniq_sonja
Lab:      labyrinth_mini_lab, nicolae_lab_quarters, nicolae_lab_grate_2,
          nicolae_lab_grate, nicolae_lab_x, nicolae_lab_dead_end, lab_fountain,
          labyrinth_skeletal_remains, lab_statue
Ossuary:  minmay_ossuary_gauntlet

Action                   |  1- 3 |  4- 6 |  7- 9 | 10-12 || total
-------------------------+-------+-------+-------+-------++-------
Melee: War axe           |    84 |   294 |   347 |   384 ||  1109
       Halberd           |       |       |       |     5 ||     5
 Fire: Blowgun           |       |     3 |    22 |     3 ||    28
Invok: Heroism           |       |       |       |     1 ||     1
Evoke: Wand              |       |     1 |       |       ||     1
  Use: Potion            |       |     4 |     5 |     5 ||    14
       Scroll            |       |       |    13 |     5 ||    18
  Eat: Chunk             |     1 |    18 |     4 |    14 ||    37
       Fruit             |       |       |       |     3 ||     3
       Pizza             |       |       |       |     3 ||     3
       Meat ration       |       |       |       |     1 ||     1
